 Seeded DCSS version 0.30.1-9-gdf580d7c3d (webtiles) character file.

Game seed: 7229806256980976716 (custom seed)

12 Psyclone the Conjurer (level 2, 15/15 HPs)
             Began as a Deep Elf Conjurer on Sept 28, 2023.
             Quit the game on level 1 of the Dungeon.
             The game lasted 00:01:52 (537 turns).

Psyclone the Conjurer (Deep Elf Conjurer)            Turns: 537, Time: 00:01:53

Health: 15/15      AC:  5    Str:  4    XL:     2   Next: 20%
Magic:  8/8        EV: 12    Int: 22    God:
Gold:   13         SH:  0    Dex: 13    Spells: 6/7 levels left

rFire   + . .        d - +3 Elemental Staff {rElec rF+ rC+ AC+3}
rCold   + . .        (no shield)
rNeg    . . .        a - +0 robe
rPois   .            (no helmet)
rElec   +            (no cloak)
rCorr   .            (no gloves)
SInv    .            (no boots)
Will    .....        (no amulet)
Stlth   ++           (no ring)
HPRegen 0.22/turn    (no ring)
MPRegen 0.11/turn

%: no passive effects
@: no status effects
A: no striking features
a: no special abilities


You were on level 1 of the Dungeon.
You visited 1 branch of the dungeon, and saw 1 of its levels.

You collected 13 gold pieces.

Inventory:

Hand Weapons
 d - the +3 Elemental Staff (weapon) {rElec rF+ rC+ AC+3}
   (You acquired it on level 1 of the Dungeon)

   It enhances your fire, ice, earth and air magic.
   AC:        It affects your AC (+3).
   rF:        It protects you from fire.
   rC:        It protects you from cold.
   rElec:     It insulates you from electricity.
Armour
 a - a +0 robe (worn)
Scrolls
 c - 2 scrolls of amnesia {unknown}
 e - a scroll of teleportation {unknown}
Potions
 b - a potion of magic


   Skills:
 + Level 2.7 Dodging
 + Level 2.8 Stealth
 + Level 3.3 Spellcasting
 + Level 4.5 Conjurations


You had 6 spell levels left.
You knew the following spells:

 Your Spells              Type           Power      Damage    Failure   Level
a - Magic Dart            Conj           92%        1d7       1%          1

Your spell library contained the following spells:

 Spells                   Type           Power      Damage    Failure   Level
 Searing Ray              Conj           46%        2d6       2%          2
 Dazzling Flash           Conj/Hex       26%        N/A       14%         3
 Passwall                 Tmut/Erth      4%         N/A       19%         2
 Ignite Poison            Fire/Tmut/Pois 5%         N/A       34%         3
 Fulminant Prism          Conj/Hex       6%         3d7       43%         4
 Iskenderun's Mystic Bla  Conj/Tloc      13%        2d5       43%         4
 Olgreb's Toxic Radiance  Pois           3%         N/A       75%         4
 Petrify                  Tmut/Erth      5%         N/A       75%         4
 Statue Form              Tmut/Erth      3%         N/A       100%        6
 Storm Form               Tmut/Air       2%         N/A       100%        7


Dungeon Overview and Level Annotations

Branches:
Dungeon (1/15) Zot: 5463

Altars:


Message History

Unknown command.
Casting: Magic Dart (safe; 1% risk of failure)
Confirm with . or Enter, or press ? or * to list all spells.
You can't see any susceptible monsters within range! (Use Z to cast anyway.) Unknown command.
Casting: Magic Dart (safe; 1% risk of failure)
Confirm with . or Enter, or press ? or * to list all spells.
You can't see any susceptible monsters within range! (Use Z to cast anyway.) Unknown command.
A bat is nearby!
Unknown command.
Casting: Magic Dart (safe; 1% risk of failure)
Confirm with . or Enter, or press ? or * to list all spells.
Aiming: Magic Dart (safe; 1% risk of failure)
Press: ? - help, Shift-Dir - straight line, f - bat
Aim: a bat (wandering, hasn't noticed you, 100% to hit)
The magic dart hits the bat.
You kill the bat!
You now have 3/8 mp.
Casting: Magic Dart (safe; 1% risk of failure)
Confirm with . or Enter, or press ? or * to list all spells.
You can't see any susceptible monsters within range! (Use Z to cast anyway.) Unknown command.
Casting: Magic Dart (safe; 1% risk of failure)
Confirm with . or Enter, or press ? or * to list all spells.
You can't see any susceptible monsters within range! (Use Z to cast anyway.) Unknown command.
Casting: Magic Dart (safe; 1% risk of failure)
Confirm with . or Enter, or press ? or * to list all spells.
You can't see any susceptible monsters within range! (Use Z to cast anyway.)
You see here a bat corpse.
Found 5 stones.
MP restored: 8 Key pressed, stopping explore.
Unknown command.
You see here a jackal corpse.
Found a leather armour.
Found an escape hatch in the floor.
Unknown command.
Are you sure you want to abandon this character and quit the game? (Confirm with "yes".)

#..# .# #.#.
.# #. #.#. >#
#.#.... .#
...#.. .# .
#.... .#
#.##.#.##.#
#.......@.#
#....(..###
.###[#†.######
.. #.†...†.#
.......#####.#
..##.#. #.## #
#.#. #..# # #.
#####.# # #.
..# #.# ####.#


There were no monsters in sight!

Vanquished Creatures
  A giant cockroach (D:1)
  A goblin (D:1)
  5 jackals (D:1)
  A ball python (D:1)
  2 bats (D:1)
10 creatures vanquished.

Notes
Turn   | Place    | Note
-------+----------+-------------------------------------------
     0 | D:1      | Psyclone the Deep Elf Conjurer began the quest for the Orb.
     0 | D:1      | Reached XP level 1. HP: 10/10 MP: 6/6
   172 | D:1      | Identified 3 scrolls of acquirement
   172 | D:1      | Acquired the Papyrus of Septic Transition
   174 | D:1      | Acquired a staff of conjuration
   175 | D:1      | Acquired the +3 Elemental Staff {rElec rF+ rC+ AC+3}
   175 | D:1      | Found the +3 Elemental Staff {rElec rF+ rC+ AC+3}
   458 | D:1      | Reached XP level 2. HP: 15/15 MP: 4/8
   537 | D:1      | Quit the game

Illustrated notes

Levels and vault maps discovered:
D:1:      spicycebolla_arrival_ecumenical, layout_loops_ring

Action                     || total
---------------------------++-------
   Cast: Magic Dart        ||    19
    Use: Scroll            ||     3
  Dodge: Dodged            ||     1
